 Dungeon Crawl Stone Soup version 0.20-a0-1000-g0e8f6bb (webtiles) character file.

48 MTVSty1e the Skirmisher (level 3, -4/29 HPs)
             Began as a Bultungin Fighter on Apr 12, 2017.
             Was an Initiate of Okawaru.
             Slain by a bullfrog (7 damage)
             ... on level 3 of the Dungeon.
             The game lasted 00:04:14 (1740 turns).

MTVSty1e the Skirmisher (Bultungin Fighter)         Turns: 1740, Time: 00:04:14

Health: -4/29      AC:  8    Str: 21    XL:     3   Next: 72%
Magic:  3/3        EV:  6    Int:  8    God:    Okawaru [......]
Gold:   148        SH: 15    Dex: 13    Spells: 2/2 levels left

rFire    . . .     SeeInvis +   a - +0 war axe
rCold    . . .     Gourm    .   e - +0 large shield
rNeg     . . .     Faith    .   b - +1 scale mail
rPois    .         Spirit   .   (no helmet)
rElec    .         Reflect  .   (no cloak)
rCorr    .         Harm     .   (no gloves)
MR       +....                  (no boots)
Stlth    ..........             p - amulet of inaccuracy
Regen    0.1/turn               l - ring of protection from magic
MPRegen  0.1/turn               (no ring)

@: mighty
A: short attention span, claws 1, fangs 1, see invisible, frail 1, strong nose
a: Renounce Religion


You were on level 3 of the Dungeon.
You worshipped Okawaru.
Okawaru was noncommittal.
You were not hungry.

You visited 1 branch of the dungeon, and saw 3 of its levels.

You collected 148 gold pieces.

Inventory:

Hand Weapons
 a - a +0 war axe (weapon)
 n - a -2 hand axe
Armour
 b - a +1 scale mail (worn)
 c - a +0 shield
 e - a +0 large shield (worn)
Jewellery
 l - a ring of protection from magic (left claw)
 p - an amulet of inaccuracy (around neck)
Scrolls
 g - a scroll of identify
 h - a scroll of enchant armour
 j - a scroll of teleportation
Potions
 m - a potion of ambrosia {unknown}
Comestibles
 f - 2 bread rations
 i - a meat ration


   Skills:
 * Level 5.3 Fighting
 + Level 3.5 Axes
 + Level 5.0 Armour
 + Level 1.1 Dodging
 + Level 4.8 Shields


You had 2 spell levels left.
You didn't know any spells.

Dungeon Overview and Level Annotations

Branches:
Dungeon (3/15)

Altars:
Okawaru
Yredelemnul


Innate Abilities, Weirdness & Mutations

You have a short attention span.
You have very sharp teeth.
You have supernaturally acute eyesight. (SInv)
Your uncanny sense of smell can sniff out nearby items.
You have sharp fingernails.
You are frail. (-10% HP)


Message History

The bullfrog hits you.
* * * LOW HITPOINT WARNING * * *
The bullfrog barely misses you.
You closely miss the bullfrog.
The bullfrog is almost dead.
You block the bullfrog's attack. x2
You closely miss the bullfrog.
The bullfrog is almost dead.
You block the bullfrog's attack. x2
Okay, then.
You miss the bullfrog.
The bullfrog is almost dead.
You block the bullfrog's attack. x2
You miss the bullfrog.
The bullfrog is almost dead.
You block the bullfrog's attack. x2
You barely miss the bullfrog.
The bullfrog is almost dead.
The bullfrog hits you!
You die...

######### ##########
........###........#
#.......'.........
#.###.###@†.......
#<#.# #F........
#.#.# #......... ∆
#.#.# #.........
#...# #.........
##### #########. ∆∆∆
∆ ∆


You could see a bullfrog.

Vanquished Creatures
  An ooze (D:1)
  2 worms
  A dart slug (D:1)
  A leopard gecko (D:2)
  4 bats
  2 giant cockroaches
  4 goblins (D:1)
  3 hobgoblins
  3 jackals (D:1)
  3 frilled lizards
  5 kobolds
  5 rats
34 creatures vanquished.

Notes
Turn   | Place    | Note
-------+----------+-------------------------------------------
     0 | D:1      | MTVSty1e the Bultungin Fighter began the quest for the Orb.
     0 | D:1      | Reached XP level 1. HP: 20/20 MP: 1/1
    46 | D:1      | Reached XP level 2. HP: 26/26 MP: 2/2
   393 | D:1      | Reached skill level 5 in Fighting
   521 | D:1      | Reached XP level 3. HP: 32/33 MP: 3/3
   858 | D:1      | Gained mutation: You are frail. (-10% HP) [potion of mutation]
   858 | D:1      | Gained mutation: You have sharp fingernails. [potion of mutation]
   979 | D:2      | Found a basalt altar of Yredelemnul.
  1334 | D:2      | Reached skill level 1 in Dodging
  1548 | D:2      | Found an iron altar of Okawaru.
  1556 | D:2      | Became a worshipper of Warmaster Okawaru
  1716 | D:3      | Reached skill level 5 in Armour
  1720 | D:3      | Noticed a bullfrog
  1740 | D:3      | Slain by a bullfrog

Vault maps used:
D:1:      lightli_arrival_isolated_outpost, nrook_uturn, kennysheep_crisscross,
          minmay_pentomino_v2
D:2:      nicolae_overflow_crystal_walls, kennysheep_okawaru_gauntlet
D:3:      nicolae_gozag_seed_capital, lemuel_doored_altar,
          cheibrodos_sewer_entry_drain

Skill      XL: |  1  2  3 |
---------------+----------+-----
Fighting       | 5 |  5.3
Dodging        | 1 |  1.1
Armour         | 5 |  5.0
Axes           | |  3.5
Shields        | |  4.8

Action                   || total
-------------------------++-------
Melee: War axe           ||   136
       Bite              ||    11
       Hand axe          ||    30
  Use: Scroll            ||     5
       Potion            ||     2
  Eat: Royal jelly       ||     1
       Chunk             ||     1
Armor: Scale mail        ||    76
Dodge: Dodged            ||    46
Block: Shield            ||    37
       Large shield      ||    90
